[ AOE2 MATCH · #497910270 ]
UnrankedGeorgians vs Mongols
[ REPLAY ANALYSIS · EXTRACTED FROM THE RECORDED GAME ]
Feudal
14:44
Castle
18:26
Imperial
34:49
| APM avg | 43.0 |
| APM peak | 67 |
| eAPM avg | 23.8 |
| Villagers / military | 116 / 87 |
Focus
⚔️ 21.8% · 🌾 78.2%
Monaspa ×77 · Fishing Ship ×11 · Trebuchet (Packed) ×5 · Fire Galley ×4 · Unknown (2626) ×2 · Monk ×1
Feudal
12:42
Castle
22:27
Imperial
—
| APM avg | 56.0 |
| APM peak | 83 |
| eAPM avg | 24.2 |
| Villagers / military | 87 / 37 |
Focus
⚔️ 30.2% · 🌾 69.8%
Archer ×17 · Galley ×16 · Fishing Ship ×4 · Mangonel ×3 · Fire Galley ×1
Feudal
13:15
Castle
18:05
Imperial
—
| APM avg | 34.8 |
| APM peak | 87 |
| eAPM avg | 17.5 |
| Villagers / military | 74 / 47 |
Focus
⚔️ 36.7% · 🌾 63.3%
Mangudai ×42 · Fishing Ship ×6 · Monk ×2 · Mangonel ×2 · Battering Ram ×1
Feudal
13:37
Castle
21:54
Imperial
37:07
| APM avg | 30.9 |
| APM peak | 69 |
| eAPM avg | 15.1 |
| Villagers / military | 73 / 52 |
Focus
⚔️ 25.8% · 🌾 74.2%
Archer ×35 · Fishing Ship ×9 · Genoese Crossbowman ×8 · Mangonel ×3 · Trebuchet (Packed) ×3 · Monk ×1
Feudal
12:57
Castle
17:32
Imperial
—
| APM avg | 24.2 |
| APM peak | 55 |
| eAPM avg | 14.9 |
| Villagers / military | 118 / 38 |
Focus
⚔️ 29.3% · 🌾 70.7%
Fishing Ship ×18 · Galley ×12 · Mangonel ×9 · Petard ×7 · Unknown (2626) ×7 · Armored Elephant ×6
Feudal
12:47
Castle
18:26
Imperial
—
| APM avg | 28.7 |
| APM peak | 55 |
| eAPM avg | 18.3 |
| Villagers / military | 56 / 48 |
Focus
⚔️ 43.4% · 🌾 56.6%
Longbowman ×40 · Fishing Ship ×7 · Petard ×4 · Battering Ram ×3 · Unknown (2626) ×2 · Mangonel ×1
Feudal
13:41
Castle
17:32
Imperial
36:57
| APM avg | 55.5 |
| APM peak | 112 |
| eAPM avg | 25.5 |
| Villagers / military | 125 / 24 |
Focus
⚔️ 18.4% · 🌾 81.6%
Conquistador ×11 · Fishing Ship ×6 · Skirmisher ×5 · Mangonel ×4 · Battering Ram ×3 · Trebuchet (Packed) ×1
Feudal
14:52
Castle
20:09
Imperial
—
| APM avg | 12.4 |
| APM peak | 77 |
| eAPM avg | 7.7 |
| Villagers / military | 29 / 7 |
Focus
⚔️ 28.6% · 🌾 71.4%
Fishing Ship ×11 · Scorpion ×4 · Genoese Crossbowman ×3
Match map
Initial resources + every placement click. Lines = walls · curves = elevation contours. ◆ gold · ⬟ stone · ● berries · ✦ relic · ◌ wall gap
Your base· Open — 10t gap
<NT>.tornasol's base· Open — 9t gap
PSX | King's base· Open — 10t gap
[CL] Capitalista's base· Open — 2t gap
Matasariano9065's base· Open — unwalled flank
Malanka's base· Open — 8t gap
Diegote's base· Open — unwalled flank
CTM | Franco*'s base· Open — 9t gap
Smoothed initial terrain · ◌ = detected wall gap · hover for details
Inputs per minute
— 无语 - - <NT>.tornasol
Build order — 无语
First 150 of 345 actions detected
| 0:16 | Build | Town Center |
| 0:36 | Build | House |
| 1:15 | Build | Dock |
| 2:44 | Queue | Villager (Male) |
| 2:44 | Queue | Villager (Male) |
| 2:45 | Queue | Villager (Male) |
| 2:45 | Queue | Villager (Male) |
| 3:30 | Build | House |
| 3:42 | Build | House |
| 3:54 | Build | House |
| 4:14 | Queue | Villager (Male) |
| 4:23 | Research | Loom |
| 4:30 | Queue | Fishing Ship |
| 5:13 | Build | House |
| 5:20 | Queue | Villager (Male) |
| 5:20 | Queue | Villager (Male) |
| 5:34 | Queue | Villager (Male) |
| 5:34 | Queue | Villager (Male) |
| 5:53 | Build | Palisade Wall |
| 6:06 | Queue | Villager (Male) |
| 6:06 | Queue | Villager (Male) |
| 6:29 | Queue | Villager (Male) |
| 6:29 | Queue | Villager (Male) |
| 6:30 | Queue | Fishing Ship |
| 6:57 | Queue | Villager (Male) |
| 6:57 | Queue | Villager (Male) |
| 7:07 | Build | House |
| 7:12 | Build | Palisade Wall |
| 7:14 | Queue | Villager (Male) |
| 7:33 | Queue | Fishing Ship |
| 7:51 | Queue | Villager (Male) |
| 7:52 | Queue | Villager (Male) |
| 8:09 | Queue | Villager (Male) |
| 8:13 | Queue | Villager (Male) |
| 8:14 | Queue | Fishing Ship |
| 8:18 | Build | House |
| 8:30 | Build | House |
| 8:37 | Build | Palisade Wall |
| 8:39 | Queue | Fishing Ship |
| 8:56 | Queue | Villager (Male) |
| 8:57 | Queue | Villager (Male) |
| 9:05 | Build | Palisade Wall |
| 9:07 | Build | Palisade Wall |
| 9:19 | Queue | Fishing Ship |
| 9:22 | Queue | Villager (Male) |
| 9:23 | Queue | Villager (Male) |
| 10:04 | Queue | Villager (Male) |
| 10:14 | Queue | Fishing Ship |
| 10:26 | Build | Dock |
| 10:32 | Queue | Villager (Male) |
| 11:08 | Queue | Villager (Male) |
| 11:11 | Queue | Fishing Ship |
| 11:11 | Queue | Fishing Ship |
| 11:26 | Build | House |
| 11:35 | Build | Palisade Wall |
| 11:37 | Queue | Villager (Male) |
| 11:43 | Build | Mill |
| 11:50 | Queue | Fishing Ship |
| 11:51 | Queue | Fishing Ship |
| 12:03 | Queue | Villager (Male) |
| 12:19 | Build | Palisade Wall |
| 12:34 | Research | Feudal Age |
| 12:34 | Research | Feudal Age |
| 13:09 | Build | Mule Cart |
| 13:50 | Build | House |
| 14:21 | Build | House |
| 14:24 | Queue | Villager (Male) |
| 14:27 | Queue | Villager (Male) |
| 14:44 | Age | Feudal Age |
| 14:53 | Build | Market |
| 14:58 | Build | Blacksmith |
| 15:37 | Build | Dock |
| 15:46 | Research | Castle Age |
| 15:46 | Research | Castle Age |
| 16:12 | Research | Double-Bit Axe |
| 16:12 | Research | Double-Bit Axe |
| 16:49 | Build | Mule Cart |
| 16:56 | Research | Tech 906 |
| 16:57 | Research | Tech 906 |
| 17:02 | Queue | Unit 2626 |
| 17:02 | Queue | Unit 2626 |
| 17:43 | Queue | Fire Galley |
| 17:43 | Queue | Fire Galley |
| 17:52 | Queue | Villager (Male) |
| 17:56 | Build | House |
| 17:57 | Build | House |
| 18:26 | Age | Castle Age |
| 18:30 | Research | War Galley (upgrade) |
| 18:37 | Queue | Villager (Male) |
| 18:45 | Queue | Fire Galley |
| 18:45 | Queue | Fire Galley |
| 19:03 | Queue | Villager (Male) |
| 19:19 | Build | House |
| 19:32 | Build | Castle |
| 19:48 | Queue | Villager (Male) |
| 19:58 | Queue | Villager (Male) |
| 20:10 | Queue | Villager (Male) |
| 20:38 | Build | Palisade Gate |
| 20:41 | Queue | Monaspa |
| 20:41 | Queue | Monaspa |
| 20:44 | Build | House |
| 20:48 | Build | House |
| 21:00 | Queue | Monaspa |
| 21:02 | Queue | Villager (Male) |
| 21:14 | Queue | Monaspa |
| 21:18 | Queue | Villager (Male) |
| 21:49 | Queue | Monaspa |
| 21:55 | Queue | Villager (Male) |
| 21:56 | Queue | Villager (Male) |
| 21:56 | Queue | Villager (Male) |
| 22:02 | Build | Town Center |
| 22:08 | Research | Scale Barding Armor |
| 22:09 | Queue | Villager (Male) |
| 22:12 | Research | Horse Collar |
| 22:12 | Research | Horse Collar |
| 22:16 | Build | Farm |
| 22:16 | Build | Farm |
| 22:17 | Build | Farm |
| 22:17 | Build | Farm |
| 22:17 | Build | Farm |
| 22:25 | Queue | Monaspa |
| 22:25 | Queue | Monaspa |
| 22:42 | Build | Farm |
| 22:47 | Queue | Villager (Male) |
| 22:52 | Build | Farm |
| 22:53 | Build | Farm |
| 23:02 | Queue | Monaspa |
| 23:34 | Queue | Villager (Male) |
| 24:05 | Queue | Villager (Male) |
| 24:07 | Queue | Villager (Male) |
| 24:09 | Build | Farm |
| 24:11 | Build | Farm |
| 24:12 | Build | Farm |
| 24:12 | Build | Farm |
| 24:12 | Build | Farm |
| 24:13 | Build | Farm |
| 24:13 | Build | Farm |
| 24:13 | Build | Farm |
| 24:14 | Build | Farm |
| 24:16 | Queue | Villager (Male) |
| 24:30 | Queue | Villager (Male) |
| 24:31 | Queue | Villager (Male) |
| 24:55 | Build | Town Center |
| 24:57 | Queue | Villager (Male) |
| 25:12 | Queue | Villager (Male) |
| 25:13 | Queue | Villager (Male) |
| 25:22 | Queue | Villager (Male) |
| 25:27 | Queue | Monaspa |
| 25:27 | Queue | Monaspa |
| 25:37 | Build | Monastery |
Build order — <NT>.tornasol
First 150 of 219 actions detected
| 0:15 | Build | Town Center |
| 0:54 | Build | Dock |
| 2:50 | Queue | Villager (Male) |
| 2:51 | Queue | Villager (Male) |
| 2:52 | Queue | Villager (Male) |
| 2:58 | Queue | Villager (Male) |
| 3:31 | Queue | Villager (Male) |
| 3:35 | Queue | Fishing Ship |
| 4:29 | Queue | Villager (Male) |
| 4:46 | Queue | Villager (Male) |
| 4:47 | Queue | Villager (Male) |
| 4:56 | Build | House |
| 5:29 | Queue | Villager (Male) |
| 5:29 | Queue | Villager (Male) |
| 5:29 | Queue | Villager (Male) |
| 6:22 | Build | House |
| 6:35 | Queue | Villager (Male) |
| 6:37 | Queue | Villager (Male) |
| 6:43 | Queue | Villager (Male) |
| 6:53 | Build | House |
| 6:57 | Build | House |
| 7:17 | Queue | Villager (Male) |
| 7:26 | Queue | Fishing Ship |
| 7:56 | Queue | Fishing Ship |
| 7:58 | Queue | Villager (Male) |
| 8:19 | Build | House |
| 8:22 | Queue | Villager (Male) |
| 8:42 | Queue | Villager (Male) |
| 8:59 | Queue | Fishing Ship |
| 9:32 | Build | House |
| 9:35 | Queue | Villager (Male) |
| 9:39 | Research | Loom |
| 10:07 | Queue | Villager (Male) |
| 10:14 | Build | Lumber Camp |
| 10:21 | Queue | Villager (Male) |
| 10:32 | Research | Feudal Age |
| 10:32 | Research | Feudal Age |
| 10:39 | Build | Dock |
| 11:03 | Build | Mining Camp |
| 11:11 | Build | Mining Camp |
| 11:50 | Queue | Villager (Male) |
| 12:13 | Build | House |
| 12:16 | Build | Palisade Wall |
| 12:42 | Age | Feudal Age |
| 12:44 | Queue | Galley |
| 12:45 | Queue | Galley |
| 12:45 | Queue | Galley |
| 12:46 | Queue | Villager (Male) |
| 12:54 | Build | Blacksmith |
| 12:55 | Research | Double-Bit Axe |
| 13:01 | Queue | Villager (Male) |
| 13:15 | Queue | Galley |
| 13:20 | Build | House |
| 13:43 | Queue | Villager (Male) |
| 13:54 | Build | Mill |
| 14:04 | Queue | Villager (Male) |
| 14:05 | Queue | Galley |
| 14:06 | Queue | Galley |
| 14:26 | Build | House |
| 14:26 | Queue | Villager (Male) |
| 14:37 | Research | Fletching |
| 14:44 | Queue | Galley |
| 14:44 | Queue | Galley |
| 14:45 | Queue | Villager (Male) |
| 15:04 | Queue | Villager (Male) |
| 15:06 | Queue | Galley |
| 15:06 | Queue | Galley |
| 15:16 | Queue | Villager (Male) |
| 15:24 | Build | House |
| 15:24 | Queue | Villager (Male) |
| 15:34 | Queue | Fire Galley |
| 15:42 | Queue | Galley |
| 15:42 | Queue | Galley |
| 16:19 | Queue | Villager (Male) |
| 16:32 | Build | Market |
| 16:33 | Queue | Villager (Male) |
| 16:49 | Queue | Villager (Male) |
| 16:55 | Queue | Galley |
| 16:55 | Queue | Galley |
| 17:00 | Build | House |
| 17:01 | Build | House |
| 17:01 | Build | House |
| 17:11 | Queue | Villager (Male) |
| 17:18 | Queue | Villager (Male) |
| 17:55 | Queue | Galley |
| 17:56 | Queue | Galley |
| 18:38 | Queue | Villager (Male) |
| 18:54 | Build | House |
| 19:08 | Build | Watch Tower |
| 19:12 | Queue | Villager (Male) |
| 19:35 | Queue | Villager (Male) |
| 19:47 | Research | Castle Age |
| 19:55 | Build | House |
| 19:55 | Build | House |
| 20:37 | Build | Lumber Camp |
| 20:37 | Queue | Villager (Male) |
| 20:45 | Build | Mining Camp |
| 20:56 | Build | Palisade Wall |
| 20:58 | Build | Palisade Wall |
| 21:36 | Build | Watch Tower |
| 22:27 | Age | Castle Age |
| 22:51 | Build | Siege Workshop |
| 22:51 | Queue | Villager (Male) |
| 22:54 | Queue | Villager (Male) |
| 23:03 | Queue | Villager (Male) |
| 23:18 | Queue | Villager (Male) |
| 23:51 | Queue | Mangonel |
| 24:15 | Build | Watch Tower |
| 25:11 | Queue | Mangonel |
| 25:41 | Build | Town Center |
| 27:39 | Build | Town Center |
| 27:47 | Queue | Mangonel |
| 28:58 | Queue | Villager (Male) |
| 29:08 | Build | Town Center |
| 29:08 | Queue | Villager (Male) |
| 29:30 | Research | Bodkin Arrow |
| 29:30 | Queue | Villager (Male) |
| 29:35 | Build | Barracks |
| 29:36 | Queue | Villager (Male) |
| 29:40 | Queue | Villager (Male) |
| 29:43 | Queue | Villager (Male) |
| 29:50 | Research | War Galley (upgrade) |
| 30:10 | Queue | Villager (Male) |
| 30:20 | Queue | Villager (Male) |
| 30:22 | Queue | Villager (Male) |
| 30:41 | Research | Bow Saw |
| 30:52 | Build | Archery Range |
| 30:52 | Queue | Villager (Male) |
| 31:29 | Queue | Villager (Male) |
| 31:35 | Build | Archery Range |
| 31:35 | Queue | Villager (Male) |
| 31:45 | Research | Gold Mining |
| 31:45 | Queue | Villager (Male) |
| 32:12 | Queue | Archer |
| 32:13 | Queue | Archer |
| 32:16 | Research | Crossbowman (upgrade) |
| 32:19 | Queue | Villager (Male) |
| 32:26 | Build | Mining Camp |
| 32:46 | Build | Mill |
| 32:55 | Queue | Villager (Male) |
| 32:55 | Queue | Villager (Male) |
| 32:55 | Queue | Villager (Male) |
| 32:55 | Queue | Villager (Male) |
| 33:05 | Build | Farm |
| 33:06 | Build | Farm |
| 33:06 | Build | Farm |
| 33:06 | Build | Farm |
| 33:06 | Build | Farm |
| 33:07 | Build | Farm |
| 33:07 | Build | Farm |
Build order — PSX | King
First 150 of 203 actions detected
| 1:03 | Build | Town Center |
| 1:12 | Build | Dock |
| 3:06 | Queue | Villager (Male) |
| 3:06 | Queue | Villager (Male) |
| 3:06 | Queue | Villager (Male) |
| 3:07 | Queue | Villager (Male) |
| 3:07 | Queue | Villager (Male) |
| 3:52 | Queue | Villager (Male) |
| 3:52 | Queue | Villager (Male) |
| 4:15 | Queue | Villager (Male) |
| 4:48 | Research | Loom |
| 4:51 | Queue | Villager (Male) |
| 4:52 | Queue | Villager (Male) |
| 4:52 | Queue | Villager (Male) |
| 4:54 | Queue | Villager (Male) |
| 4:54 | Queue | Villager (Male) |
| 5:09 | Build | House |
| 5:39 | Build | House |
| 5:44 | Queue | Villager (Male) |
| 5:50 | Build | House |
| 5:54 | Queue | Villager (Male) |
| 6:01 | Build | House |
| 6:14 | Build | House |
| 6:38 | Queue | Villager (Male) |
| 7:26 | Queue | Fishing Ship |
| 7:55 | Queue | Villager (Male) |
| 7:59 | Queue | Fishing Ship |
| 8:22 | Queue | Villager (Male) |
| 8:40 | Queue | Villager (Male) |
| 8:45 | Build | Lumber Camp |
| 9:02 | Queue | Villager (Male) |
| 9:17 | Queue | Villager (Male) |
| 9:27 | Queue | Fishing Ship |
| 9:43 | Queue | Villager (Male) |
| 9:59 | Queue | Villager (Male) |
| 10:17 | Build | House |
| 10:25 | Build | Dock |
| 10:35 | Build | House |
| 10:51 | Research | Feudal Age |
| 11:10 | Queue | Fishing Ship |
| 11:23 | Build | Mining Camp |
| 11:44 | Queue | Villager (Male) |
| 11:47 | Build | Mining Camp |
| 12:03 | Queue | Fishing Ship |
| 12:41 | Queue | Villager (Male) |
| 13:15 | Age | Feudal Age |
| 13:24 | Build | Blacksmith |
| 13:55 | Build | Mill |
| 13:57 | Queue | Villager (Male) |
| 14:07 | Queue | Fishing Ship |
| 14:29 | Build | Market |
| 14:33 | Build | Market |
| 14:37 | Queue | Villager (Male) |
| 14:46 | Queue | Villager (Male) |
| 15:25 | Research | Castle Age |
| 16:13 | Research | Fletching |
| 16:13 | Queue | Villager (Male) |
| 16:38 | Build | House |
| 16:39 | Build | House |
| 16:56 | Research | Padded Archer Armor |
| 16:58 | Queue | Villager (Male) |
| 18:05 | Age | Castle Age |
| 18:12 | Research | Bodkin Arrow |
| 18:20 | Build | Castle |
| 18:23 | Queue | Villager (Male) |
| 18:28 | Build | University |
| 18:43 | Build | Castle |
| 18:51 | Build | House |
| 18:55 | Build | Palisade Gate |
| 18:57 | Build | House |
| 18:58 | Build | House |
| 19:06 | Queue | Villager (Male) |
| 19:09 | Build | House |
| 19:10 | Build | Outpost |
| 19:19 | Queue | Villager (Male) |
| 19:37 | Queue | Mangudai |
| 19:38 | Queue | Mangudai |
| 19:57 | Build | Lumber Camp |
| 20:03 | Queue | Villager (Male) |
| 20:15 | Queue | Villager (Male) |
| 20:18 | Queue | Mangudai |
| 20:19 | Queue | Mangudai |
| 20:36 | Queue | Villager (Male) |
| 20:37 | Queue | Mangudai |
| 21:11 | Build | Outpost |
| 21:14 | Queue | Mangudai |
| 21:25 | Build | Siege Workshop |
| 21:28 | Queue | Villager (Male) |
| 21:36 | Queue | Villager (Male) |
| 21:38 | Queue | Villager (Male) |
| 22:00 | Queue | Mangudai |
| 22:30 | Queue | Villager (Male) |
| 22:34 | Build | Outpost |
| 22:39 | Queue | Mangonel |
| 22:41 | Queue | Villager (Male) |
| 22:45 | Build | Monastery |
| 23:22 | Research | Ballistics |
| 23:22 | Research | Ballistics |
| 23:46 | Queue | Villager (Male) |
| 24:15 | Queue | Villager (Male) |
| 24:15 | Queue | Villager (Male) |
| 24:21 | Build | Outpost |
| 24:48 | Queue | Villager (Male) |
| 25:16 | Queue | Mangudai |
| 25:17 | Queue | Mangudai |
| 25:29 | Queue | Villager (Male) |
| 25:30 | Queue | Mangudai |
| 25:30 | Queue | Mangudai |
| 25:48 | Queue | Mangudai |
| 25:48 | Queue | Mangudai |
| 25:52 | Queue | Villager (Male) |
| 26:00 | Build | Mining Camp |
| 26:05 | Build | Mining Camp |
| 26:10 | Queue | Mangudai |
| 26:11 | Queue | Mangudai |
| 26:16 | Queue | Battering Ram |
| 26:24 | Queue | Monk |
| 26:25 | Queue | Monk |
| 26:25 | Queue | Villager (Male) |
| 26:26 | Queue | Villager (Male) |
| 26:32 | Build | Mining Camp |
| 26:53 | Build | Farm |
| 26:55 | Build | Farm |
| 26:57 | Research | Double-Bit Axe |
| 26:57 | Research | Double-Bit Axe |
| 27:06 | Queue | Mangudai |
| 27:06 | Queue | Mangudai |
| 27:14 | Build | Farm |
| 27:16 | Build | Farm |
| 27:21 | Research | Leather Archer Armor |
| 27:21 | Research | Leather Archer Armor |
| 27:23 | Queue | Villager (Male) |
| 27:52 | Queue | Mangudai |
| 27:52 | Queue | Mangudai |
| 27:57 | Build | Barracks |
| 28:06 | Build | Farm |
| 28:36 | Queue | Villager (Male) |
| 28:36 | Queue | Villager (Male) |
| 28:57 | Build | Stable |
| 29:02 | Queue | Mangudai |
| 29:03 | Queue | Mangudai |
| 29:03 | Queue | Villager (Male) |
| 29:05 | Queue | Mangonel |
| 29:20 | Build | Farm |
| 29:22 | Build | Farm |
| 29:32 | Research | Bloodlines |
| 30:08 | Research | Husbandry |
| 30:11 | Queue | Villager (Male) |
| 30:12 | Queue | Villager (Male) |
| 30:13 | Queue | Mangudai |
Build order — [CL] Capitalista
First 150 of 223 actions detected
| 0:43 | Build | Town Center |
| 1:55 | Build | House |
| 2:49 | Queue | Villager (Male) |
| 2:50 | Queue | Villager (Male) |
| 2:50 | Queue | Villager (Male) |
| 2:50 | Queue | Villager (Male) |
| 2:50 | Queue | Villager (Male) |
| 3:50 | Build | Dock |
| 3:58 | Queue | Villager (Male) |
| 3:58 | Queue | Villager (Male) |
| 4:16 | Build | House |
| 4:53 | Queue | Villager (Male) |
| 4:53 | Queue | Villager (Male) |
| 5:15 | Queue | Villager (Male) |
| 5:42 | Queue | Villager (Male) |
| 5:42 | Queue | Villager (Male) |
| 6:02 | Queue | Villager (Male) |
| 6:21 | Queue | Fishing Ship |
| 6:31 | Queue | Villager (Male) |
| 6:31 | Queue | Villager (Male) |
| 6:55 | Queue | Fishing Ship |
| 6:55 | Queue | Fishing Ship |
| 7:00 | Queue | Villager (Male) |
| 7:23 | Research | Loom |
| 7:33 | Build | House |
| 7:35 | Queue | Villager (Male) |
| 7:39 | Queue | Fishing Ship |
| 8:07 | Build | House |
| 8:08 | Queue | Villager (Male) |
| 8:38 | Queue | Villager (Male) |
| 8:52 | Build | Palisade Gate |
| 8:57 | Queue | Fishing Ship |
| 8:58 | Queue | Fishing Ship |
| 9:04 | Queue | Villager (Male) |
| 9:39 | Build | Outpost |
| 9:40 | Queue | Villager (Male) |
| 9:50 | Queue | Fishing Ship |
| 10:01 | Queue | Villager (Male) |
| 10:12 | Queue | Villager (Male) |
| 10:20 | Build | Mill |
| 10:46 | Queue | Villager (Male) |
| 11:28 | Research | Feudal Age |
| 11:54 | Build | Mining Camp |
| 12:35 | Build | Barracks |
| 12:37 | Queue | Villager (Male) |
| 13:30 | Build | House |
| 13:37 | Age | Feudal Age |
| 14:04 | Queue | Villager (Male) |
| 14:20 | Build | Archery Range |
| 14:41 | Queue | Villager (Male) |
| 14:41 | Queue | Villager (Male) |
| 15:02 | Build | Blacksmith |
| 15:19 | Queue | Archer |
| 15:19 | Queue | Archer |
| 15:26 | Build | Palisade Gate |
| 15:28 | Queue | Villager (Male) |
| 15:49 | Queue | Archer |
| 15:54 | Build | House |
| 15:56 | Queue | Villager (Male) |
| 16:00 | Build | House |
| 16:07 | Queue | Villager (Male) |
| 16:11 | Build | House |
| 16:18 | Research | Fletching |
| 16:18 | Research | Fletching |
| 16:30 | Queue | Villager (Male) |
| 16:41 | Queue | Archer |
| 16:46 | Build | Lumber Camp |
| 16:57 | Build | House |
| 17:04 | Queue | Archer |
| 17:04 | Queue | Archer |
| 17:08 | Queue | Villager (Male) |
| 17:24 | Build | Palisade Gate |
| 17:40 | Queue | Archer |
| 18:03 | Build | House |
| 18:08 | Queue | Archer |
| 18:11 | Queue | Villager (Male) |
| 18:12 | Queue | Villager (Male) |
| 18:22 | Queue | Fire Galley |
| 18:31 | Build | House |
| 19:13 | Build | House |
| 19:14 | Research | Castle Age |
| 19:14 | Research | Castle Age |
| 19:31 | Research | Padded Archer Armor |
| 19:33 | Research | Town Watch |
| 19:42 | Build | House |
| 20:54 | Queue | Villager (Male) |
| 20:54 | Queue | Villager (Male) |
| 21:41 | Research | Double-Bit Axe |
| 21:42 | Research | Double-Bit Axe |
| 21:54 | Age | Castle Age |
| 21:58 | Queue | Fishing Ship |
| 21:58 | Queue | Fishing Ship |
| 22:06 | Queue | Villager (Male) |
| 22:12 | Build | Town Center |
| 22:16 | Queue | Villager (Male) |
| 22:19 | Research | Crossbowman (upgrade) |
| 22:19 | Research | Crossbowman (upgrade) |
| 22:20 | Research | Thumb Ring |
| 22:29 | Research | Gold Mining |
| 22:40 | Research | Wheelbarrow |
| 22:40 | Research | Wheelbarrow |
| 23:20 | Build | Mining Camp |
| 23:24 | Queue | Villager (Male) |
| 23:24 | Queue | Villager (Male) |
| 23:24 | Queue | Villager (Male) |
| 23:24 | Queue | Villager (Male) |
| 23:24 | Queue | Villager (Male) |
| 23:52 | Build | Siege Workshop |
| 23:59 | Queue | Villager (Male) |
| 24:08 | Build | Mining Camp |
| 24:16 | Queue | Archer |
| 24:17 | Queue | Mangonel |
| 24:27 | Queue | Archer |
| 24:27 | Queue | Archer |
| 24:27 | Queue | Archer |
| 24:31 | Research | Bodkin Arrow |
| 24:32 | Research | Bodkin Arrow |
| 24:41 | Build | Mining Camp |
| 24:56 | Queue | Mangonel |
| 25:00 | Queue | Archer |
| 25:32 | Queue | Archer |
| 25:32 | Queue | Archer |
| 25:34 | Queue | Villager (Male) |
| 25:34 | Queue | Villager (Male) |
| 25:53 | Queue | Mangonel |
| 26:02 | Queue | Archer |
| 26:02 | Queue | Archer |
| 26:11 | Queue | Villager (Male) |
| 26:18 | Build | Mill |
| 26:24 | Build | Farm |
| 26:24 | Build | Farm |
| 26:25 | Build | Farm |
| 26:26 | Build | Farm |
| 26:26 | Build | Farm |
| 26:30 | Build | Farm |
| 27:02 | Queue | Archer |
| 27:03 | Queue | Archer |
| 27:03 | Queue | Villager (Male) |
| 27:04 | Queue | Villager (Male) |
| 27:32 | Queue | Battering Ram |
| 27:45 | Queue | Archer |
| 27:45 | Queue | Archer |
| 27:46 | Queue | Villager (Male) |
| 27:46 | Queue | Villager (Male) |
| 27:46 | Queue | Villager (Male) |
| 28:02 | Build | Lumber Camp |
| 28:31 | Queue | Villager (Male) |
| 28:33 | Research | Stone Mining |
| 28:48 | Research | Leather Archer Armor |
| 28:49 | Research | Leather Archer Armor |
Build order — Matasariano9065
First 150 of 257 actions detected
| 0:25 | Build | Town Center |
| 1:45 | Build | Dock |
| 2:43 | Queue | Villager (Male) |
| 2:43 | Queue | Villager (Male) |
| 2:43 | Queue | Villager (Male) |
| 2:45 | Queue | Villager (Male) |
| 2:46 | Queue | Villager (Male) |
| 4:07 | Queue | Fishing Ship |
| 4:07 | Queue | Fishing Ship |
| 4:08 | Queue | Fishing Ship |
| 4:24 | Queue | Villager (Male) |
| 4:24 | Queue | Villager (Male) |
| 4:28 | Queue | Fishing Ship |
| 4:28 | Queue | Fishing Ship |
| 4:52 | Build | House |
| 5:01 | Research | Loom |
| 5:12 | Queue | Villager (Male) |
| 5:13 | Queue | Villager (Male) |
| 5:51 | Queue | Fishing Ship |
| 5:51 | Queue | Fishing Ship |
| 5:51 | Queue | Fishing Ship |
| 6:01 | Queue | Villager (Male) |
| 6:01 | Queue | Villager (Male) |
| 6:19 | Queue | Villager (Male) |
| 6:31 | Build | House |
| 6:43 | Queue | Villager (Male) |
| 6:54 | Queue | Fishing Ship |
| 6:54 | Queue | Fishing Ship |
| 6:54 | Queue | Fishing Ship |
| 7:03 | Queue | Villager (Male) |
| 7:16 | Build | House |
| 7:32 | Queue | Villager (Male) |
| 7:32 | Queue | Villager (Male) |
| 7:43 | Queue | Fishing Ship |
| 7:43 | Queue | Fishing Ship |
| 7:48 | Queue | Villager (Male) |
| 7:49 | Queue | Villager (Male) |
| 8:04 | Queue | Villager (Male) |
| 8:04 | Queue | Villager (Male) |
| 8:07 | Queue | Fishing Ship |
| 8:08 | Queue | Fishing Ship |
| 8:22 | Queue | Villager (Male) |
| 8:23 | Queue | Villager (Male) |
| 8:30 | Build | House |
| 8:55 | Queue | Villager (Male) |
| 8:58 | Queue | Fishing Ship |
| 8:58 | Queue | Villager (Male) |
| 9:11 | Queue | Villager (Male) |
| 9:20 | Queue | Villager (Male) |
| 9:41 | Build | Mining Camp |
| 9:41 | Queue | Villager (Male) |
| 10:44 | Build | Dock |
| 10:47 | Research | Feudal Age |
| 11:36 | Build | Lumber Camp |
| 11:37 | Queue | Villager (Male) |
| 11:42 | Queue | Fishing Ship |
| 11:42 | Queue | Fishing Ship |
| 11:52 | Build | House |
| 12:46 | Build | Mill |
| 12:57 | Age | Feudal Age |
| 13:04 | Queue | Villager (Male) |
| 13:13 | Build | Blacksmith |
| 13:30 | Queue | Villager (Male) |
| 13:56 | Build | Market |
| 14:04 | Queue | Villager (Male) |
| 14:52 | Research | Castle Age |
| 14:52 | Research | Castle Age |
| 14:58 | Research | Double-Bit Axe |
| 15:36 | Research | Gold Mining |
| 15:46 | Queue | Galley |
| 15:46 | Queue | Galley ×2 |
| 16:17 | Build | Dock |
| 16:25 | Research | Fletching |
| 16:46 | Queue | Galley |
| 16:46 | Queue | Galley |
| 16:46 | Queue | Galley |
| 17:06 | Queue | Galley |
| 17:07 | Queue | Galley |
| 17:32 | Age | Castle Age |
| 17:34 | Research | War Galley (upgrade) |
| 17:37 | Research | Bodkin Arrow |
| 17:37 | Queue | Villager (Male) |
| 17:46 | Build | Town Center |
| 17:50 | Queue | Villager (Male) |
| 18:07 | Queue | Galley |
| 18:08 | Queue | Galley |
| 18:17 | Queue | Villager (Male) |
| 18:19 | Queue | Villager (Male) |
| 18:42 | Queue | Unit 2626 |
| 18:42 | Queue | Unit 2626 |
| 18:42 | Queue | Unit 2626 |
| 18:55 | Queue | Villager (Male) |
| 18:58 | Queue | Villager (Male) |
| 18:58 | Queue | Villager (Male) |
| 18:58 | Queue | Villager (Male) |
| 19:05 | Queue | Villager (Male) |
| 19:06 | Queue | Villager (Male) |
| 19:14 | Queue | Galley |
| 19:14 | Queue | Galley |
| 19:17 | Queue | Villager (Male) |
| 19:22 | Build | House |
| 19:23 | Build | House |
| 19:23 | Build | House |
| 19:23 | Build | House |
| 19:27 | Queue | Villager (Male) |
| 19:28 | Queue | Villager (Male) |
| 19:40 | Queue | Villager (Male) |
| 19:48 | Queue | Villager (Male) |
| 19:49 | Queue | Villager (Male) |
| 19:50 | Queue | Villager (Male) |
| 19:54 | Queue | Villager (Male) |
| 19:54 | Queue | Villager (Male) |
| 20:07 | Queue | Unit 2626 |
| 20:07 | Queue | Unit 2626 |
| 20:21 | Build | University |
| 20:24 | Queue | Villager (Male) |
| 20:36 | Queue | Unit 2626 |
| 20:36 | Queue | Unit 2626 |
| 20:39 | Queue | Villager (Male) |
| 20:39 | Queue | Villager (Male) |
| 21:04 | Research | Careening |
| 21:23 | Research | Forging |
| 21:51 | Build | Town Center |
| 22:14 | Queue | Villager (Male) |
| 22:14 | Queue | Villager (Male) |
| 22:16 | Queue | Villager (Male) |
| 22:27 | Research | Bow Saw |
| 22:50 | Research | Ballistics |
| 22:51 | Research | Ballistics |
| 23:05 | Queue | Villager (Male) |
| 23:05 | Queue | Villager (Male) |
| 23:22 | Queue | Villager (Male) |
| 23:23 | Queue | Villager (Male) |
| 23:40 | Queue | Villager (Male) |
| 23:41 | Queue | Villager (Male) |
| 23:41 | Queue | Villager (Male) |
| 23:41 | Queue | Villager (Male) |
| 23:46 | Build | Farm |
| 23:46 | Build | Farm |
| 23:46 | Build | Farm |
| 23:46 | Build | Farm |
| 23:47 | Build | Farm |
| 23:47 | Build | Farm |
| 23:47 | Build | Farm |
| 24:08 | Queue | Transport Ship |
| 24:09 | Queue | Transport Ship |
| 24:18 | Queue | Villager (Male) |
| 24:18 | Queue | Villager (Male) |
| 24:27 | Queue | Villager (Male) |
| 24:27 | Queue | Villager (Male) |
Build order — Malanka
First 150 of 173 actions detected
| 0:47 | Build | Town Center |
| 1:19 | Build | Dock |
| 1:27 | Build | House |
| 1:34 | Build | Palisade Wall |
| 3:05 | Queue | Villager (Male) |
| 3:05 | Queue | Villager (Male) |
| 3:05 | Queue | Villager (Male) |
| 3:06 | Queue | Villager (Male) |
| 3:06 | Queue | Villager (Male) |
| 4:15 | Queue | Fishing Ship |
| 4:28 | Queue | Villager (Male) |
| 5:11 | Research | Loom |
| 5:13 | Queue | Fishing Ship |
| 5:35 | Queue | Villager (Male) |
| 5:55 | Queue | Villager (Male) |
| 6:10 | Queue | Villager (Male) |
| 6:41 | Build | House |
| 6:44 | Queue | Villager (Male) |
| 6:44 | Queue | Villager (Male) |
| 6:50 | Queue | Villager (Male) |
| 7:26 | Queue | Fishing Ship |
| 7:36 | Queue | Villager (Male) |
| 8:06 | Queue | Villager (Male) |
| 8:20 | Queue | Fishing Ship |
| 8:32 | Build | House |
| 8:50 | Queue | Villager (Male) |
| 8:59 | Build | House |
| 9:11 | Queue | Villager (Male) |
| 9:16 | Queue | Fishing Ship |
| 9:30 | Queue | Villager (Male) |
| 9:32 | Build | House |
| 9:47 | Build | Lumber Camp |
| 9:50 | Queue | Villager (Male) |
| 10:35 | Research | Feudal Age |
| 11:26 | Queue | Fishing Ship |
| 11:51 | Build | Dock |
| 12:09 | Build | Mining Camp |
| 12:33 | Queue | Villager (Male) |
| 12:33 | Queue | Villager (Male) |
| 12:47 | Age | Feudal Age |
| 13:04 | Research | Town Watch |
| 13:07 | Queue | Villager (Male) |
| 13:13 | Queue | Fishing Ship |
| 13:35 | Queue | Unit 2626 |
| 13:43 | Queue | Villager (Male) |
| 13:55 | Build | Mill |
| 14:30 | Queue | Villager (Male) |
| 14:39 | Build | Market |
| 14:41 | Queue | Villager (Male) |
| 14:54 | Build | Blacksmith |
| 14:59 | Queue | Villager (Male) |
| 15:46 | Research | Castle Age |
| 15:48 | Research | Stone Mining |
| 16:42 | Queue | Unit 2626 |
| 16:48 | Research | Double-Bit Axe |
| 16:49 | Research | Gold Mining |
| 17:13 | Research | Fletching |
| 18:26 | Age | Castle Age |
| 18:28 | Build | Castle |
| 18:37 | Research | Bow Saw |
| 18:38 | Research | Bodkin Arrow |
| 18:43 | Queue | Villager (Male) |
| 18:44 | Queue | Villager (Male) |
| 19:16 | Build | Siege Workshop |
| 19:18 | Queue | Villager (Male) |
| 19:55 | Build | Town Center |
| 20:12 | Queue | Petard |
| 20:12 | Queue | Petard |
| 20:28 | Research | Wheelbarrow |
| 20:51 | Queue | Battering Ram |
| 20:59 | Queue | Longbowman |
| 21:28 | Queue | Battering Ram |
| 21:36 | Queue | Longbowman |
| 22:03 | Queue | Battering Ram |
| 22:32 | Queue | Petard |
| 22:32 | Queue | Petard |
| 23:02 | Queue | Longbowman |
| 23:03 | Queue | Longbowman |
| 23:13 | Research | Padded Archer Armor |
| 23:22 | Queue | Longbowman |
| 23:22 | Queue | Longbowman |
| 23:32 | Queue | Villager (Male) |
| 23:33 | Queue | Villager (Male) |
| 23:34 | Queue | Villager (Male) |
| 23:34 | Queue | Villager (Male) |
| 23:49 | Queue | Mangonel |
| 24:04 | Queue | Villager (Male) |
| 24:04 | Queue | Villager (Male) |
| 24:09 | Build | University |
| 24:19 | Build | Town Center |
| 24:30 | Queue | Villager (Male) |
| 25:09 | Build | Town Center |
| 26:18 | Queue | Villager (Male) |
| 26:19 | Queue | Villager (Male) |
| 26:49 | Build | Palisade Wall |
| 26:53 | Queue | Villager (Male) |
| 27:01 | Build | Town Center |
| 27:05 | Queue | Longbowman |
| 27:05 | Queue | Longbowman |
| 27:58 | Queue | Longbowman |
| 27:58 | Queue | Longbowman |
| 28:04 | Queue | Villager (Male) |
| 28:04 | Queue | Villager (Male) |
| 28:48 | Queue | Longbowman |
| 28:48 | Queue | Longbowman |
| 29:33 | Queue | Villager (Male) |
| 29:34 | Queue | Villager (Male) |
| 29:49 | Research | Ballistics |
| 30:03 | Queue | Longbowman |
| 30:04 | Queue | Longbowman |
| 30:55 | Queue | Longbowman |
| 30:55 | Queue | Longbowman |
| 30:55 | Queue | Longbowman |
| 31:13 | Build | Castle |
| 31:54 | Queue | Villager (Male) |
| 31:54 | Queue | Villager (Male) |
| 32:04 | Queue | Longbowman |
| 32:04 | Queue | Longbowman |
| 32:05 | Queue | Longbowman |
| 34:01 | Queue | Villager (Male) |
| 34:01 | Queue | Villager (Male) |
| 34:01 | Queue | Villager (Male) |
| 34:11 | Build | Town Center |
| 34:35 | Build | Palisade Wall |
| 34:54 | Build | Palisade Wall |
| 35:16 | Queue | Longbowman |
| 35:17 | Queue | Longbowman |
| 35:17 | Queue | Longbowman |
| 35:43 | Queue | Longbowman |
| 35:44 | Queue | Longbowman |
| 36:30 | Queue | Longbowman |
| 36:30 | Queue | Longbowman |
| 36:52 | Queue | Longbowman |
| 36:53 | Queue | Longbowman |
| 37:01 | Research | Horse Collar |
| 37:05 | Research | Gold Shaft Mining |
| 37:13 | Queue | Longbowman |
| 37:40 | Queue | Longbowman |
| 37:41 | Queue | Longbowman |
| 38:05 | Queue | Longbowman |
| 38:05 | Queue | Longbowman |
| 38:08 | Queue | Villager (Male) |
| 38:08 | Queue | Villager (Male) |
| 38:14 | Build | Farm |
| 38:15 | Build | Farm |
| 38:35 | Queue | Villager (Male) |
| 38:35 | Queue | Villager (Male) |
| 38:35 | Queue | Villager (Male) |
| 38:58 | Queue | Villager (Male) |
| 38:58 | Queue | Villager (Male) |
Build order — Diegote
First 150 of 244 actions detected
| 0:31 | Build | Town Center |
| 1:50 | Build | Dock |
| 2:44 | Queue | Villager (Male) |
| 2:44 | Queue | Villager (Male) |
| 2:44 | Queue | Villager (Male) |
| 2:45 | Queue | Villager (Male) |
| 2:45 | Queue | Villager (Male) |
| 3:25 | Queue | Fishing Ship |
| 4:19 | Build | House |
| 4:24 | Research | Loom |
| 4:35 | Queue | Fishing Ship |
| 4:38 | Queue | Villager (Male) |
| 4:39 | Queue | Villager (Male) |
| 5:14 | Queue | Fishing Ship |
| 5:31 | Queue | Villager (Male) |
| 5:31 | Queue | Villager (Male) |
| 6:05 | Queue | Fishing Ship |
| 6:08 | Build | House |
| 6:25 | Queue | Villager (Male) |
| 6:26 | Queue | Villager (Male) |
| 6:49 | Queue | Fishing Ship |
| 6:57 | Build | House |
| 7:02 | Build | Palisade Wall |
| 7:15 | Queue | Villager (Male) |
| 7:15 | Queue | Villager (Male) |
| 8:07 | Queue | Villager (Male) |
| 8:07 | Queue | Villager (Male) |
| 8:07 | Queue | Villager (Male) |
| 8:11 | Queue | Fishing Ship |
| 8:33 | Queue | Villager (Male) |
| 8:33 | Queue | Villager (Male) |
| 9:11 | Queue | Villager (Male) |
| 9:11 | Queue | Villager (Male) |
| 9:12 | Queue | Villager (Male) |
| 9:12 | Queue | Villager (Male) |
| 10:31 | Build | House |
| 10:57 | Build | Mill |
| 11:04 | Queue | Villager (Male) |
| 11:31 | Research | Feudal Age |
| 13:41 | Age | Feudal Age |
| 13:44 | Queue | Villager (Male) |
| 13:52 | Build | Blacksmith |
| 13:58 | Build | Blacksmith |
| 14:12 | Build | Market |
| 14:19 | Queue | Villager (Male) |
| 14:38 | Build | Mining Camp |
| 14:52 | Research | Castle Age |
| 14:52 | Research | Castle Age |
| 14:52 | Research | Castle Age |
| 16:32 | Build | Outpost |
| 16:43 | Build | House |
| 17:32 | Age | Castle Age |
| 17:49 | Build | Castle |
| 17:53 | Build | House |
| 18:03 | Build | Palisade Wall |
| 18:11 | Queue | Villager (Male) |
| 18:11 | Queue | Villager (Male) |
| 18:11 | Queue | Villager (Male) |
| 18:12 | Queue | Villager (Male) |
| 18:12 | Queue | Villager (Male) |
| 18:12 | Queue | Villager (Male) |
| 19:01 | Queue | Conquistador |
| 19:01 | Queue | Conquistador |
| 19:02 | Queue | Conquistador |
| 19:02 | Queue | Conquistador |
| 19:44 | Queue | Conquistador |
| 19:44 | Queue | Conquistador |
| 19:57 | Build | Siege Workshop |
| 20:27 | Queue | Villager (Male) |
| 21:10 | Queue | Villager (Male) |
| 21:13 | Build | Farm |
| 21:13 | Build | Farm |
| 21:13 | Build | Farm |
| 21:14 | Build | Farm |
| 21:14 | Build | Farm |
| 21:14 | Build | Farm |
| 21:36 | Queue | Villager (Male) |
| 21:36 | Queue | Villager (Male) |
| 21:46 | Queue | Battering Ram |
| 21:46 | Queue | Battering Ram |
| 21:47 | Queue | Battering Ram |
| 22:44 | Queue | Conquistador |
| 22:44 | Queue | Conquistador |
| 23:04 | Queue | Mangonel |
| 23:09 | Queue | Villager (Male) |
| 23:10 | Queue | Villager (Male) |
| 23:10 | Queue | Villager (Male) |
| 23:10 | Queue | Villager (Male) |
| 23:10 | Queue | Villager (Male) |
| 23:18 | Build | Town Center |
| 23:38 | Build | House |
| 23:39 | Build | House |
| 24:03 | Queue | Mangonel |
| 24:03 | Queue | Villager (Male) |
| 24:04 | Queue | Villager (Male) |
| 24:04 | Queue | Villager (Male) |
| 24:04 | Queue | Villager (Male) |
| 24:22 | Build | House |
| 24:24 | Build | House |
| 24:30 | Queue | Villager (Male) |
| 24:30 | Queue | Villager (Male) |
| 24:30 | Queue | Villager (Male) |
| 24:30 | Queue | Villager (Male) |
| 24:31 | Queue | Villager (Male) |
| 24:45 | Build | House |
| 25:01 | Queue | Villager (Male) |
| 25:01 | Queue | Villager (Male) |
| 25:01 | Queue | Villager (Male) |
| 25:01 | Queue | Villager (Male) |
| 25:02 | Build | Farm |
| 25:03 | Build | Farm |
| 26:07 | Build | Farm |
| 26:07 | Build | Farm |
| 26:07 | Build | Farm |
| 26:07 | Build | Farm |
| 26:07 | Build | Farm |
| 26:14 | Queue | Villager (Male) |
| 26:14 | Queue | Villager (Male) |
| 26:14 | Queue | Villager (Male) |
| 26:14 | Queue | Villager (Male) |
| 27:09 | Queue | Villager (Male) |
| 27:09 | Queue | Villager (Male) |
| 27:10 | Queue | Villager (Male) |
| 27:10 | Queue | Villager (Male) |
| 27:32 | Queue | Villager (Male) |
| 27:32 | Queue | Villager (Male) |
| 27:32 | Queue | Villager (Male) |
| 27:33 | Queue | Villager (Male) |
| 27:57 | Queue | Villager (Male) |
| 27:57 | Queue | Villager (Male) |
| 27:57 | Queue | Villager (Male) |
| 28:56 | Queue | Villager (Male) |
| 28:56 | Queue | Villager (Male) |
| 28:57 | Queue | Villager (Male) |
| 28:57 | Queue | Villager (Male) |
| 28:58 | Queue | Villager (Male) |
| 28:58 | Queue | Villager (Male) |
| 29:03 | Build | Mill |
| 29:07 | Build | Barracks |
| 29:11 | Queue | Villager (Male) |
| 29:11 | Queue | Villager (Male) |
| 29:11 | Queue | Villager (Male) |
| 29:11 | Queue | Villager (Male) |
| 29:27 | Build | Town Center |
| 29:32 | Build | Archery Range |
| 29:33 | Build | Archery Range |
| 30:03 | Queue | Villager (Male) |
| 30:04 | Queue | Villager (Male) |
| 30:05 | Queue | Villager (Male) |
| 30:05 | Queue | Villager (Male) |
Build order — CTM | Franco*
92 actions detected in the replay
| 0:10 | Build | Dock |
| 0:48 | Build | Town Center |
| 2:50 | Build | House |
| 3:00 | Build | House |
| 3:28 | Queue | Villager (Male) |
| 3:28 | Queue | Villager (Male) |
| 3:29 | Queue | Villager (Male) |
| 3:29 | Queue | Villager (Male) |
| 3:30 | Queue | Villager (Male) |
| 5:08 | Queue | Villager (Male) |
| 5:09 | Queue | Villager (Male) |
| 5:28 | Research | Loom |
| 5:44 | Queue | Villager (Male) |
| 5:44 | Queue | Villager (Male) |
| 5:44 | Queue | Villager (Male) |
| 6:15 | Queue | Fishing Ship |
| 6:45 | Queue | Villager (Male) |
| 6:46 | Queue | Villager (Male) |
| 6:46 | Queue | Villager (Male) |
| 6:46 | Queue | Villager (Male) |
| 7:14 | Queue | Villager (Male) |
| 7:14 | Queue | Villager (Male) |
| 7:41 | Queue | Villager (Male) |
| 7:49 | Queue | Fishing Ship |
| 8:02 | Build | Palisade Wall |
| 8:04 | Build | Palisade Wall |
| 8:05 | Build | Palisade Wall |
| 8:13 | Build | Palisade Wall |
| 8:33 | Queue | Villager (Male) |
| 8:40 | Queue | Fishing Ship |
| 8:41 | Queue | Fishing Ship |
| 9:02 | Build | House |
| 9:35 | Queue | Fishing Ship |
| 9:39 | Build | House |
| 10:12 | Queue | Villager (Male) |
| 10:13 | Queue | Villager (Male) |
| 10:17 | Build | House |
| 10:46 | Queue | Villager (Male) |
| 11:12 | Queue | Villager (Male) |
| 11:18 | Queue | Fishing Ship |
| 11:18 | Queue | Fishing Ship |
| 11:50 | Build | Mill |
| 11:52 | Queue | Villager (Male) |
| 12:06 | Queue | Villager (Male) |
| 12:22 | Build | House |
| 12:24 | Build | House |
| 12:25 | Build | House |
| 12:29 | Research | Feudal Age |
| 13:39 | Build | Mining Camp |
| 14:23 | Queue | Fishing Ship |
| 14:24 | Queue | Fishing Ship |
| 14:35 | Build | Dock |
| 14:52 | Age | Feudal Age |
| 14:58 | Build | Market |
| 15:07 | Build | Blacksmith |
| 15:16 | Queue | Villager (Male) |
| 15:19 | Queue | Villager (Male) |
| 15:38 | Build | Watch Tower |
| 15:50 | Build | Watch Tower |
| 16:04 | Queue | Villager (Male) |
| 16:20 | Research | Fletching |
| 16:26 | Queue | Villager (Male) |
| 17:04 | Queue | Villager (Male) |
| 17:12 | Build | Lumber Camp |
| 17:24 | Research | Castle Age |
| 18:07 | Build | Farm |
| 18:09 | Build | Farm |
| 18:11 | Build | Farm |
| 18:15 | Research | Double-Bit Axe |
| 18:18 | Research | Horse Collar |
| 18:36 | Research | Gold Mining |
| 18:40 | Research | Stone Mining |
| 20:09 | Age | Castle Age |
| 20:15 | Research | Bodkin Arrow |
| 21:48 | Build | Siege Workshop |
| 22:04 | Build | Mining Camp |
| 22:27 | Queue | Scorpion |
| 22:28 | Queue | Scorpion |
| 22:30 | Queue | Scorpion |
| 22:45 | Build | House |
| 22:48 | Build | House |
| 25:38 | Build | Lumber Camp |
| 27:02 | Queue | Scorpion |
| 27:45 | Research | Stone Shaft Mining |
| 28:04 | Queue | Fishing Ship |
| 28:04 | Queue | Fishing Ship |
| 29:01 | Build | Castle |
| 30:18 | Build | House |
| 33:51 | Build | Lumber Camp |
| 37:14 | Queue | Genoese Crossbowman |
| 37:14 | Queue | Genoese Crossbowman |
| 37:15 | Queue | Genoese Crossbowman |
Match timeline
| 0:10 | CTM | Franco* · first_building Dock |
| 0:54 | <NT>.tornasol · first_building Dock |
| 1:12 | PSX | King · first_building Dock |
| 1:15 | 无语 · first_building Dock |
| 1:19 | Malanka · first_building Dock |
| 1:34 | Malanka · wall_segment Palisade Wall x1 |
| 1:45 | Matasariano9065 · first_building Dock |
| 1:50 | Diegote · first_building Dock |
| 3:50 | [CL] Capitalista · first_building Dock |
| 5:53 | 无语 · wall_segment Palisade Wall x3 |
| 7:02 | Diegote · wall_segment Palisade Wall x1 |
| 7:12 | 无语 · wall_segment Palisade Wall x1 |
| 8:02 | CTM | Franco* · wall_segment Palisade Wall x1 |
| 8:04 | CTM | Franco* · wall_segment Palisade Wall x1 |
| 8:05 | CTM | Franco* · wall_segment Palisade Wall x1 |
| 8:13 | CTM | Franco* · wall_segment Palisade Wall x1 |
| 8:37 | 无语 · wall_segment Palisade Wall x5 |
| 9:05 | 无语 · wall_segment Palisade Wall x1 |
| 9:07 | 无语 · wall_segment Palisade Wall x3 |
| 11:35 | 无语 · wall_segment Palisade Wall x1 |
| 12:16 | <NT>.tornasol · wall_segment Palisade Wall x1 |
| 12:19 | 无语 · wall_segment Palisade Wall x6 |
| 12:35 | [CL] Capitalista · first_building Barracks |
| 12:42 | <NT>.tornasol · age_up feudal |
| 12:47 | Malanka · age_up feudal |
| 12:57 | Matasariano9065 · age_up feudal |
| 13:15 | PSX | King · age_up feudal |
| 13:37 | [CL] Capitalista · age_up feudal |
| 13:41 | Diegote · age_up feudal |
| 14:20 | [CL] Capitalista · first_building Archery Range |
| 14:44 | 无语 · age_up feudal |
| 14:52 | CTM | Franco* · age_up feudal |
| 16:12 | PSX | King · first_market_buy 100 food |
| 17:14 | Diegote · first_market_sell 100 food |
| 17:15 | Diegote · first_market_buy 100 stone |
| 17:32 | Matasariano9065 · age_up castle |
| 17:32 | Diegote · age_up castle |
| 17:41 | <NT>.tornasol · first_market_sell 100 wood |
| 17:42 | <NT>.tornasol · first_market_buy 100 food |
| 17:49 | Diegote · first_building Castle |
| 18:03 | Diegote · wall_segment Palisade Wall x1 |
| 18:05 | PSX | King · age_up castle |
| 18:20 | PSX | King · first_building Castle |
| 18:26 | 无语 · age_up castle |
| 18:26 | Malanka · age_up castle |
| 18:28 | Malanka · first_building Castle |
| 19:16 | Malanka · first_building Siege Workshop |
| 19:32 | 无语 · first_building Castle |
| 19:57 | Diegote · first_building Siege Workshop |
| 20:09 | CTM | Franco* · age_up castle |
| 20:56 | <NT>.tornasol · wall_segment Palisade Wall x4 |
| 20:58 | <NT>.tornasol · wall_segment Palisade Wall x3 |
| 21:25 | PSX | King · first_building Siege Workshop |
| 21:48 | CTM | Franco* · first_building Siege Workshop |
| 21:54 | [CL] Capitalista · age_up castle |
| 22:23 | CTM | Franco* · first_market_buy 100 wood |
| 22:27 | <NT>.tornasol · age_up castle |
| 22:45 | PSX | King · first_building Monastery |
| 22:51 | <NT>.tornasol · first_building Siege Workshop |
| 23:01 | 无语 · first_market_buy 100 food |
| 23:07 | PSX | King · first_market_sell 100 food |
| 23:52 | [CL] Capitalista · first_building Siege Workshop |
| 24:14 | Malanka · first_market_sell 100 wood |
| 24:15 | Malanka · first_market_buy 100 stone |
| 25:03 | Matasariano9065 · first_building Barracks |
| 25:13 | PSX | King · tribute_sent a jugador 1 |
| 25:13 | PSX | King · tribute_sent a jugador 3 |
| 25:13 | PSX | King · tribute_sent a jugador 4 |
| 25:13 | PSX | King · tribute_sent a jugador 5 |
| 25:13 | PSX | King · tribute_sent a jugador 6 |
| 25:13 | PSX | King · tribute_sent a jugador 7 |
| 25:13 | PSX | King · tribute_sent a jugador 8 |
| 25:25 | Matasariano9065 · first_market_buy 100 wood |
| 25:30 | Matasariano9065 · first_building Siege Workshop |
| 25:37 | 无语 · first_building Monastery |
| 26:49 | Malanka · wall_segment Palisade Wall x1 |
| 27:57 | PSX | King · first_building Barracks |
| 28:57 | PSX | King · first_building Stable |
| 29:01 | CTM | Franco* · first_building Castle |
| 29:07 | Diegote · first_building Barracks |
| 29:14 | Matasariano9065 · first_building Castle |
| 29:32 | Diegote · first_building Archery Range |
| 29:35 | <NT>.tornasol · first_building Barracks |
| 30:32 | [CL] Capitalista · first_building Monastery |
| 30:52 | <NT>.tornasol · first_building Archery Range |
| 31:24 | [CL] Capitalista · first_building Castle |
| 31:33 | 无语 · first_market_sell 100 wood |
| 33:49 | [CL] Capitalista · first_market_sell 100 stone |
| 33:53 | [CL] Capitalista · first_market_buy 100 food |
| 34:04 | 无语 · first_building Barracks |
| 34:35 | Malanka · wall_segment Palisade Wall x1 |
| 34:49 | 无语 · age_up imperial |
| 34:54 | Malanka · wall_segment Palisade Wall x1 |
| 35:04 | PSX | King · wall_segment Stone Wall x14 |
| 35:05 | 无语 · first_building Stable |
| 36:41 | PSX | King · wall_segment Stone Wall x1 |
| 36:41 | PSX | King · wall_segment Stone Wall x1 |
| 36:57 | Diegote · age_up imperial |
| 37:07 | [CL] Capitalista · age_up imperial |
| 37:19 | Matasariano9065 · first_market_sell 100 wood |
| 38:31 | PSX | King · resign |
[ AI ANALYSIS · 1 CREDIT ]
What really happened in this match?
Wolo.gg analyzes every decision: build order, eco, micro, common mistakes by bracket. Personalized analysis on WhatsApp or Discord in 30 seconds.
Civ guide
Georgians
Perfil
Jugador #477304